Map: Odyssey LE

Players

AlexK - Winner!

  • Race: Zerg Zerg
  • League: Silver
  • Spawn Location: 5:00

A.I. 1 (Medium)

  • Race: Protoss Protoss
  • Spawn Location: 11:00

VOD

Have the link to the VOD?

Description

Time

  • Played on: Nov. 6, 2017, 2:36 p.m.
  • Length: 12:47
Show
View Real Time Build Order
Export as new Build Order

AlexK Zerg - Winner!

Build Orders: Hatch First 

Get SALT Encoding   

  12  0:07  Drone  
  13  0:18  Overlord  
  13  0:29  Drone  
  14  0:38  Drone x2  
  16  0:43  Drone  
  17  0:58  Drone  
  18  1:04  Drone, Hatchery  
  18  1:12  Extractor  
  17  1:23  Spawning Pool  
  16  1:26  Drone x2  
  18  1:35  Drone  
  19  1:46  Overlord  
  19  2:19  Zergling x6  
  22  2:24  Drone  
  23  2:32  Metabolic Boost  
  23  2:39  Drone  
  23  2:40  Drone x2  
  26  2:51  Queen x2  
  26  2:55  Drone x3  
  33  3:08  Drone x2  
  33  3:12  Drone  
  36  3:27  Hatchery  
  36  3:31  Overlord  
  35  3:36  Drone  
  36  4:04  Queen  
  36  4:05  Queen  
  40  4:12  Zergling x8  
  44  4:38  Overlord  
  44  4:41  Overlord  
  44  4:47  Overlord  
  44  4:49  Overlord  
  44  4:57  Drone x3  
  47  5:16  Queen  
  42  5:43  Drone x3  
  42  5:44  Drone x12  
  42  5:48  Queen  
  42  5:49  Queen  
  61  5:52  Queen  
  63  6:24  Queen x2  
  67  6:30  Zergling x24  
  79  6:52  Zergling x2  
  79  6:53  Zergling x4  
  82  7:08  Queen  
  76  7:42  Zergling x2  
  76  7:43  Zergling x8  
  81  7:49  Overlord x6  
  81  7:50  Overlord x2  
  81  8:11  Hatchery  
  68  8:58  Overlord x4  
  68  9:02  Zergling x2  
  69  9:03  Zergling x20  
  79  9:32  Queen  
  79  9:33  Queen x3  
  87  9:53  Zergling x14  
  87  9:54  Zergling x28  
  108  11:10  Hatchery  
  101  11:15  Zergling x26  
  101  11:16  Zergling x26  
Show
View Real Time Build Order
Export as new Build Order

A.I. 1 (Medium) Protoss 

Build Orders:  

Get SALT Encoding   

  12  0:01  Probe (Chrono Boost)  
  13  0:11  Probe (Chrono Boost)  
  14  0:19  Pylon  
  14  0:22  Probe (Chrono Boost)  
  15  0:37  Probe (Chrono Boost)  
  15  0:40  Gateway  
  16  0:47  Assimilator  
  16  0:48  Probe (Chrono Boost)  
  17  0:58  Probe (Chrono Boost)  
  17  1:00  Pylon  
  18  1:28  Gateway  
  18  1:31  Cybernetics Core  
  18  1:33  Assimilator  
  18  1:36  Zealot  
  20  2:00  Zealot  
  20  2:03  Warp Gate  
  20  2:05  Pylon  
  22  2:15  Stalker  
  24  2:34  Stalker  
  26  2:54  Stalker  
  26  2:58  Probe (Chrono Boost)  
  29  3:02  Pylon  
  29  3:10  Probe (Chrono Boost)  
  29  3:11  Stalker  
  32  3:21  Probe (Chrono Boost)  
  33  3:27  Forge  
  33  3:30  Adept  
  33  3:33  Probe (Chrono Boost)  
  36  3:44  Probe (Chrono Boost)  
  36  3:48  Stalker  
  40  3:55  Probe (Chrono Boost)  
  40  6:24  Sentry  
  43  6:26  Photon Cannon, Probe (Chrono Boost)  
  43  6:29  Photon Cannon  
  43  6:32  Robotics Facility  
  43  6:33  Nexus  
  43  6:36  Stargate  
  43  6:39  Sentry  
  45  6:40  Twilight Council  
  45  6:43  Forge  
  45  6:47  Pylon  
  45  6:50  Gateway  
  45  6:53  Sentry  
  47  7:07  Adept  
  49  7:11  Pylon  
  37  7:19  Observer  
  37  7:22  Stalker  
  36  7:36  Stalker  
  38  7:38  Observer  
  39  7:48  Probe (Chrono Boost)  
  39  7:50  Stalker, Probe (Chrono Boost)  
  42  7:53  Assimilator  
  42  7:55  Pylon  
  42  7:56  Assimilator  
  42  7:57  Pylon  
  42  8:00  Probe (Chrono Boost)  
  42  8:01  Probe (Chrono Boost)  
  42  8:05  Stalker  
  46  8:10  Probe (Chrono Boost)  
  46  8:12  Probe (Chrono Boost)  
  48  8:17  Photon Cannon  
  48  8:19  Zealot  
  50  8:20  Photon Cannon  
  50  8:21  Probe (Chrono Boost)  
  50  8:24  Probe (Chrono Boost)  
  52  8:33  Zealot, Probe (Chrono Boost)  
  55  8:34  Probe (Chrono Boost)  
  54  8:44  Probe (Chrono Boost)  
  54  8:46  Probe (Chrono Boost)  
  54  8:47  Sentry  
  48  8:54  Probe (Chrono Boost)  
  47  8:58  Probe (Chrono Boost)  
  47  9:02  Adept  
  50  9:05  Probe (Chrono Boost)  
  50  9:09  Probe (Chrono Boost)  
  52  9:16  Stalker, Probe (Chrono Boost)  
  55  9:20  Probe (Chrono Boost)  
  56  9:27  Probe (Chrono Boost)  
  56  9:30  Sentry  
  60  9:31  Probe (Chrono Boost)  
  61  9:38  Probe (Chrono Boost)  
  61  9:45  Sentry  
  63  9:59  Stalker  
  65  10:13  Adept  
  67  10:27  Zealot  
  69  11:08  Sentry  
  69  11:09  Warp Prism  
  63  11:16  Zealot  
  63  11:17  Gateway  
  53  11:21  Robotics Facility  
  53  11:25  Nexus, Stalker, Stargate  
  53  11:29  Templar Archives  
  51  11:34  Zealot  
  51  11:35  Robotics Bay  
  51  11:38  Dark Shrine  
  33  11:40  Void Ray  
  33  11:41  Fleet Beacon  
  33  11:44  Observer  
  33  11:46  Probe (Chrono Boost)  
  29  11:51  Zealot  
  30  12:00  Stalker, Probe (Chrono Boost)  
  36  12:15  Stalker  
  34  12:24  Adept  
  34  12:28  Probe (Chrono Boost)  
  34  12:32  Stalker  
  19  12:41  Zealot  
Tags
 
League
Silver
Matchup
PvZ
Spawn Locations
Cross Positions
Add a new tag
Caveats
  • Supply blocks, unpowered buildings, or Contaminate may cause inaccurate times.
  • Supply counts are checked every 10 seconds.